Cogmind - Beta 15 @@@ ROGUE MODE // 2025.06.23 @ 12:34:43 Player: Minty Result: Destroyed by H-55 Commando with Gauss Rifle Performance ------------- Evolutions (2) 1000 Regions Visited (6) 1200 Robots Destroyed (37) 185 Value Destroyed (694) 694 Prototype IDs (34) 680 Alien Tech Used (0) 0 Bonus (215) 215 TOTAL SCORE: 3974 Bonus ------- Follower Combat Kills 215 Cogmind --------- Core Integrity 0/550 Matter 239/300 Energy 143/160 System Corruption 6% Temperature Cool (0) Movement Walking (120) Location -8/Storage Parts ------- > --- POWER (1) -------- Light Nuclear Core > --- PROPULSION (4) --- Carbon-fiber Leg Improved VTOL Module > --- UTILITY (4) ------ Small Storage Unit Improved Terrain Scan Processor System Shield > --- WEAPON (2) ------- Heavy Mace > --- INVENTORY (8) ---- Deuterium Engine Micro Nuclear Core Terrain Scan Processor Reaction Control System Shield Generator Latent Energy Streamer Rocket Launcher Peak State ------------ > --- POWER ------------ Micro Nuclear Core > --- PROPULSION ------- Improved Hover Unit Airjet Gravmag System Gravmag System > --- UTILITY ---------- Small Storage Unit Machine Analyzer Improved Targeting Computer Makeshift System Shield > --- WEAPON ----------- Shock Rifle Latent Energy Streamer > --- INVENTORY -------- Light Nuclear Core Machine Analyzer Improved Terrain Scanner Enhanced Autogun Rocket Launcher Heavy Explosive Trap Heavy Explosive Trap Heavy Explosive Trap [Rating: 41] Favorites ----------- Power Micro Nuclear Core Engine Light Ion Engine Power Core Micro Nuclear Core Propulsion Improved Hover Unit Leg Aluminum Leg Hover Unit Improved Hover Unit Flight Unit Improved VTOL Module Utility Small Storage Unit Device Improved Terrain Scanner Storage Small Storage Unit Processor Improved Targeting Computer Hackware Makeshift System Shield Weapon Shock Rifle Energy Gun Shock Rifle Energy Cannon Latent Energy Streamer Ballistic Gun Enhanced Autogun Launcher Grenade Launcher Impact Weapon Heavy Mace Build | -11 -10 -10 -10 -9 -8 -8 ------- Run | Yrd Mat Min Exi Min Mat Sto Slots Evolved 4 | . . . . . 4 . Power . | . . . . . . . Propulsion 2 | . . . . . 2 . Utility 2 | . . . . . 2 . Weapon . | . . . . . . . Parts Attached 37 | . 5 4 8 . 17 3 Power 5 | . . . 2 . 2 1 Engine 2 | . . . 1 . 1 . Core 3 | . . . 1 . 1 1 Reactor . | . . . . . . . Propulsion 10 | . 2 2 2 . 3 1 Treads . | . . . . . . . Leg 1 | . . . . . . 1 Wheel . | . . . . . . . Hover 8 | . 2 2 2 . 2 . Flight 1 | . . . . . 1 . Utility 9 | . 1 . 1 . 7 . Device 1 | . . . . . 1 . Storage 1 | . . . 1 . . . Processor 5 | . 1 . . . 4 . Hackware 2 | . . . . . 2 . Protection . | . . . . . . . Artifact . | . . . . . . . Weapon 13 | . 2 2 3 . 5 1 Energy Gun 7 | . 2 . 3 . 2 . Energy Cannon 1 | . . . . . 1 . Ballistic Gun 1 | . . . . . 1 . Ballistic Cannon . | . . . . . . . Launcher 3 | . . 2 . . 1 . Special Weapon . | . . . . . . . Impact Weapon 1 | . . . . . . 1 Slashing Weapon . | . . . . . . . Piercing Weapon . | . . . . . . . Special Melee Weapon . | . . . . . . . Unidentified Prototypes 4 | . . . . . 4 . Corrupted Parts 2 | . . . 2 . . . System Corruption 3 | . . . 3 . . . Parts Lost 12 | . . 2 . . 10 . Power 1 | . . . . . 1 . Propulsion 6 | . . 1 . . 5 . Utility 3 | . . . . . 3 . Weapon 2 | . . 1 . . 1 . Highest Loss Streak 5 | . . 2 . . 5 . To Critical Strikes . | . . . . . . . Average Backups 6 | . 7 7 7 6 4 7 Power . | . 1 1 1 . . 2 Propulsion 2 | . 4 3 2 2 . . Utility 1 | . . . 1 1 1 2 Weapon 2 | . 1 3 3 2 2 2 Tool/Special . | . . . . . . . Unused Backups 20 | . 11 1 3 1 1 3 Power 1 | . 1 . . . . . Propulsion 6 | . 4 . 1 1 . . Utility 7 | . 1 1 1 . 1 3 Weapon 6 | . 5 . 1 . . . Tool/Special . | . . . . . . . Average Slot Usage (%) 89 | . 96 90 95 100 75 43 Engine 5 | . 14 14 6 . . . Core 5 | . . . 7 14 6 . Hover 25 | . 18 27 28 28 22 . Storage 12 | . 14 14 14 14 7 9 Processor 14 | . 12 14 14 14 15 15 Hackware 1 | . . . . . 6 9 Energy Gun 16 | . 26 12 19 28 9 . Ballistic Gun 1 | . 2 . . . 4 . Launcher 2 | . . 7 4 . . . Peak Build Rating 41 | . 13 13 23 23 41 22 Average Rating 18 | . 11 11 17 23 26 16 On Entrance 13 | 6 6 13 10 23 23 16 Naked Turns . | . . . . . . . Heaviest Build 24 | 10 14 14 17 17 24 13 Greatest Support 33 | 20 20 14 18 18 33 15 Greatest Overweight (x) 4 | . 1 . 1 . 4 1 Average Overweight (x) . | . . . . . . . Largest Inventory Capacity 8 | . 8 8 8 8 8 8 Average Capacity 7 | . 8 8 8 8 7 8 Most Carried 8 | . 8 8 8 8 8 8 Average Carried 7 | . 7 7 7 7 6 7 Final Capacity 8 | 8 8 8 8 8 8 8 Final Carried 8 | 6 8 8 8 8 7 7 Class Distribution -------------------- 54% | Mutant 29% | Scavenger-Mutant 16% | Commander-Mutant Dominant Class ---------------- Mutant | -10/Materials Mutant | -10/Mines Scavenger-Mutant | -10/Exiles Scavenger-Mutant | -9/Mines Mutant | -8/Materials Mutant | -8/Storage Resources | -11 -10 -10 -10 -9 -8 -8 ----------- Run | Yrd Mat Min Exi Min Mat Sto Matter Collected 855 | 175 75 73 135 18 265 114 Remotely . | . . . . . . . Salvage Created 1462 | . 95 224 176 427 497 43 Parts 91 | . 9 19 12 24 24 3 Haulers Intercepted 2 | . 1 . . . 1 . Recyclers Shooed 1 | . . . . 1 . . Parts Field Recycled . | . . . . . . . Retrieved Matter . | . . . . . . . Parts Self-Destructed . | . . . . . . . Prevented . | . . . . . . . Kills | -11 -10 -10 -10 -9 -8 -8 ------- Run | Yrd Mat Min Exi Min Mat Sto Combat Hostiles Destroyed 19 | . 2 8 . 1 7 1 Melee 1 | . . . . . . 1 Guns 12 | . 2 5 . 1 4 . AOE 6 | . . 3 . . 3 . Classes Destroyed 10 | . 2 3 . 2 3 . Worker 5 | . . 1 . 3 1 . Builder 1 | . . . . 1 . . Tunneler 6 | . . 1 . 5 . . Hauler 2 | . 1 . . . 1 . Recycler 2 | . . . . 2 . . Mechanic 1 | . . . . . 1 . Swarmer 8 | . 2 6 . . . . Grunt 8 | . . 2 1 1 4 . Sentry 2 | . . . . . 2 . Hunter 2 | . . . . . 1 1 Best Kill Streak 5 | . 3 3 . 5 3 1 Combat Bots Only 3 | . 2 3 . 1 3 1 Max Kills in Single Turn 3 | . 1 2 1 2 3 1 Gunslinging . | . . . . . . . Exploded 3 | . . 2 . . 3 . Melee 1 | . . . . . . 1 Uniques/NPCs Destroyed . | . . . . . . . Combat | -11 -10 -10 -10 -9 -8 -8 -------- Run | Yrd Mat Min Exi Min Mat Sto Hostile Shots Fired 176 | . 6 41 . 1 121 7 Missed 66 | . 3 12 . 1 48 2 Hits 110 | . 3 29 . . 73 5 Melee 1 | . . . . . 1 . Projectile 109 | . 3 29 . . 72 5 Critical Strikes 3 | . . . . . 3 . Damage Taken 1742 | . 25 266 . 57 1301 93 Core 598 | . 8 40 . . 488 62 Absorbed by Shields . | . . . . . . . Regen/Repaired (Parts) 31 | . . . . . 31 . Core Remaining (%) 90 | 100 . . . 80 . . Volleys Fired 91 | . 5 24 13 18 31 . Largest 2 | . 2 2 2 2 2 . Hottest 100 | . 90 90 100 100 100 . Shots Fired 176 | . 10 43 27 36 60 . Gun 171 | . 10 40 27 36 58 . Cannon 1 | . . . . . 1 . Launcher 4 | . . 3 . . 1 . Special . | . . . . . . . Kinetic 24 | . . . . . 24 . Thermal 7 | . . . . . 7 . Explosive 4 | . . 3 . . 1 . Electromagnetic 141 | . 10 40 27 36 28 . Robot Hit Streak 15 | . 2 9 9 12 15 . Robot Miss Streak 3 | . 1 3 1 2 3 . Penetration Max . | . . . . . . . Secondary Targets 1 | . . 1 . . . . Max Gunslinging Chain 1 | . . 1 . . . . Shots Hit Robots 116 | . 5 24 21 27 38 1 Core Hits 50 | . 3 11 10 11 14 1 Critical Kills . | . . . . . . . Critical Parts Destroyed . | . . . . . . . Critical Strikes 3 | . 1 1 . . 1 . Corrupt 3 | . 1 1 . . 1 . Melee Attacks 2 | . . . . . . 2 Impact 2 | . . . . . . 2 Slashing . | . . . . . . . Piercing . | . . . . . . . Sneak Attacks 1 | . . . . . . 1 Combat Hostiles 1 | . . . . . . 1 Follow-up Attacks . | . . . . . . . Damage Inflicted 2500 | . 69 495 163 631 1044 98 Guns 1728 | . 69 331 163 497 668 . Cannons . | . . . . . . . Explosions 674 | . . 164 . 134 376 . Melee 98 | . . . . . . 98 Ramming . | . . . . . . . Kinetic 319 | . . . . . 319 . Thermal 209 | . . . . 134 75 . Explosive 164 | . . 164 . . . . Electromagnetic 1710 | . 69 331 163 497 650 . Impact 98 | . . . . . . 98 Slashing . | . . . . . . . Piercing . | . . . . . . . Highest Corruption 6 | . . . 3 3 5 6 Average Corruption 3 | . . . 2 3 5 5 Corruption Purged . | . . . . . . . Corruption Blocked . | . . . . . . . Effects 12 | . . . 6 5 1 . Message Errors 4 | . . . 3 1 . . Matter Fused 3 | . . . . 2 1 . Heat Flow Errors 1 | . . . . 1 . . Data Loss (minor) 3 | . . . 2 1 . . Misfires 1 | . . . 1 . . . Overload Shots . | . . . . . . . Overflow Damage 4 | . . 4 . . . . Projectiles . | . . . . . . . Explosions 4 | . . 4 . . . . Melee . | . . . . . . . Knockbacks . | . . . . . . . Impact . | . . . . . . . Kinetic . | . . . . . . . Secondary . | . . . . . . . Self-Inflicted Damage 236 | . . 22 . 58 156 . Shots 6 | . . 1 . 2 3 . Rammed . | . . . . . . . Targets Rammed . | . . . . . . . Kicked . | . . . . . . . Crushed . | . . . . . . . Highest Temperature 367 | . 146 197 180 367 249 . Average Temperature 75 | . 65 82 75 88 57 . Received Heat Transfer 411 | . . 33 . . 369 9 Siege Activations . | . . . . . . . Martial Activations . | . . . . . . . Shielding Activations . | . . . . . . . Robots Disrupted . | . . . . . . . Combat Hostiles . | . . . . . . . Robots Corrupted 1 | . . . . 1 . . Combat Hostiles . | . . . . . . . Parts Fried 8 | . . 3 . 1 4 . Impact Corruptions . | . . . . . . . Robots Melted . | . . . . . . . Combat Hostiles . | . . . . . . . Parts Melted 2 | . . . . . 2 . Heat Transferred 298 | . . . . 150 148 . Parts Sabotaged . | . . . . . . . Parts Stolen . | . . . . . . . Parts Stripped . | . . . . . . . Power Chain Reactions 3 | . . . . 2 1 . Latent Energy Used 172 | . . . . . 172 . LE Corruption 3 | . . . . . 3 . Alert | -11 -10 -10 -10 -9 -8 -8 ------- Run | Yrd Mat Min Exi Min Mat Sto Maximum Alert Level 1 | . . . . . 1 . Low Security (%) 92 | . 100 100 . 100 73 100 Level 1 7 | . . . . . 26 . Level 2 . | . . . . . . . Level 3 . | . . . . . . . Level 4 . | . . . . . . . Level 5 . | . . . . . . . High Security . | . . . . . . . Max Security . | . . . . . . . Peak Influence 264 | . 65 160 . 139 264 129 Initial 105 | . . 16 . . 21 105 Average 95 | . 23 86 . 101 118 112 Influence Increases 1378 | . 72 352 10 273 627 44 Destroy 0b10 Robot/C 560 | . 40 200 . 100 200 20 Destroy 0b10 Robot/NC 95 | . 5 10 10 55 15 . Destroy Leader 134 | . 12 40 . 20 52 10 Allied During Kill 81 | . . 18 . 47 16 . Trap Triggered on 0b10 20 | . . . . . 20 . Successful Hack 80 | . . 30 . 9 27 14 Disable Machine 45 | . . . . 15 30 . Destroy Structure 63 | . . 24 . 12 27 . Partial Spotted 15 | . . . . . 15 . Lose Combat Pursuer 285 | . 15 30 . 15 225 . Influence Decreases 1249 | . 30 303 101 218 432 165 Entered New Map 296 | . . 26 91 . 34 145 Time Decay 717 | . 30 237 10 198 222 20 Lost Part 120 | . . 20 . . 100 . Lost Ally 116 | . . 20 . 20 76 . Squads Dispatched 9 | . 2 . . 2 3 2 Investigation 4 | . . . . 1 1 2 Extermination . | . . . . . . . Reinforcement 5 | . 2 . . 1 2 . Assault . | . . . . . . . Garrison . | . . . . . . . Intercept . | . . . . . . . Searches Triggered . | . . . . . . . Construction Impeded 1 | . . . . 1 . . Haulers Reinforced . | . . . . . . . Active Scanning Responses . | . . . . . . . Cargo Convoy Interrupts . | . . . . . . . Stealth | -11 -10 -10 -10 -9 -8 -8 --------- Run | Yrd Mat Min Exi Min Mat Sto Distress Signals 4 | . . . . 1 2 1 Communications Jammed . | . . . . . . . Distress Signals . | . . . . . . . Times Spotted 58 | . 6 12 . 5 32 3 Peak Tracking Total 12 | . 4 3 . 3 12 4 Tactical Retreats 10 | . 1 1 . 1 7 . Traps | -11 -10 -10 -10 -9 -8 -8 ------- Run | Yrd Mat Min Exi Min Mat Sto Traps Triggered 6 | . . . . . 4 2 Indirectly . | . . . . . . . Trap Hack Attempts . | . . . . . . . Triggered . | . . . . . . . Disarmed . | . . . . . . . Reprogrammed . | . . . . . . . Reused 2 | . . . . . 2 . Traps Extracted . | . . . . . . . Installed 3 | . . . . . 3 . Triggered 2 | . . . . . 2 . Most Traps Carried 3 | . . . . 3 3 . Machines | -11 -10 -10 -10 -9 -8 -8 ---------- Run | Yrd Mat Min Exi Min Mat Sto Machines Disabled 3 | . . . . 1 2 . Max in Single Turn 1 | . . . . . 1 . Machines Repaired . | . . . . . . . Machines Dismantled . | . . . . . . . Machines Sabotaged . | . . . . . . . Overloaded Fab Kills . | . . . . . . . Hacking | -11 -10 -10 -10 -9 -8 -8 --------- Run | Yrd Mat Min Exi Min Mat Sto Machines Accessed 13 | . . 1 2 1 6 3 Terminals 10 | . . 1 . 1 5 3 Fabricators . | . . . . . . . Repair Stations 1 | . . . . . 1 . Recycling Units . | . . . . . . . Scanalyzers . | . . . . . . . Garrison Access . | . . . . . . . Total Hacks 62 | . . 10 3 6 35 8 Successful 30 | . . 6 3 2 18 1 Failed 32 | . . 4 . 4 17 7 Catastrophic 4 | . . . . 1 2 1 Database Lockouts . | . . . . . . . Manual 47 | . . 8 1 4 28 6 Terminals 58 | . . 10 . 6 34 8 Fabricators . | . . . . . . . Repair Stations 1 | . . . . . 1 . Recycling Units . | . . . . . . . Scanalyzers . | . . . . . . . Garrison Access . | . . . . . . . Terminal Hacks 19 | . . 6 3 2 8 . Record 3 | . . 1 2 . . . Robot Analysis 2 | . . 1 . . 1 . Prototype ID Bank 5 | . . 4 . . 1 . Branch Access Points 1 | . . . . . 1 . Repair Station Index 1 | . . . . . 1 . Locate Traps 1 | . . . . . 1 . Dispatch Records 2 | . . . . 1 1 . Security Status 1 | . . . . . 1 . Recall Investigation 1 | . . . . . 1 . Zone Layout 1 | . . . . 1 . . Proto ID Catalog 1 | . . . 1 . . . Fabricator Hacks . | . . . . . . . Repair Station Hacks . | . . . . . . . Recycling Unit Hacks . | . . . . . . . Scanalyzer . | . . . . . . . Garrison Access Hacks . | . . . . . . . Unauthorized Hacks 11 | . . . . . 10 1 Terminals 10 | . . . . . 9 1 Botnet 4 | . . . . . 3 1 Disrupt 1 | . . . . . 1 . Skim 5 | . . . . . 5 . Fabricators . | . . . . . . . Repair Stations 1 | . . . . . 1 . Patch 1 | . . . . . 1 . Recycling Units . | . . . . . . . Scanalyzers . | . . . . . . . Garrison Access . | . . . . . . . Data Cores Recovered . | . . . . . . . Used . | . . . . . . . Hacking Detections 10 | . . 1 . 1 5 3 Full Trace Events 4 | . . 1 . 1 . 2 Feedback Events 1 | . . . . . . 1 Corruption 1 | . . . . . . 1 Feedback Blocked . | . . . . . . . Robot Schematics Acquired . | . . . . . . . Robots Built . | . . . . . . . Authchips . | . . . . . . . Time . | . . . . . . . Total Robot Build Rating . | . . . . . . . Part Schematics Acquired . | . . . . . . . Parts Built . | . . . . . . . Authchips . | . . . . . . . Time . | . . . . . . . Total Part Build Rating . | . . . . . . . Parts Repaired . | . . . . . . . Time . | . . . . . . . Parts Recycled . | . . . . . . . Recycled Matter . | . . . . . . . Retrieved Matter . | . . . . . . . Retrieved Components . | . . . . . . . Parts Scanalyzed . | . . . . . . . Part Schematics Acquired . | . . . . . . . Parts Damaged . | . . . . . . . Bothacking | -11 -10 -10 -10 -9 -8 -8 ------------ Run | Yrd Mat Min Exi Min Mat Sto Used RIF Installer . | . . . . . . . Robots Hacked . | . . . . . . . Non-combat . | . . . . . . . Combat . | . . . . . . . Robot Hacks Applied . | . . . . . . . Relay Couplers Released . | . . . . . . . Fabnet Peak Effective % . | . . . . . . . Robots Rewired 5 | . . . 5 . . . Allies Hacked . | . . . . . . . Hacks Repelled . | . . . . . . . Allies | -11 -10 -10 -10 -9 -8 -8 -------- Run | Yrd Mat Min Exi Min Mat Sto Total Allies 8 | . . 3 5 . . . Largest Group 6 | . . 3 6 6 5 . Highest-Rated Group 82 | . . 40 82 82 74 . Highest-Rated Ally 21 | . . 16 21 21 21 . Total Orders . | . . . . . . . Ally Attacks 44 | . . 15 . 14 15 . Total Damage 591 | . . 177 . 188 226 . Kills 9 | . . 2 . 4 3 . Allies Corrupted 1 | . . . . . 1 . Allies Melted . | . . . . . . . Intel | -11 -10 -10 -10 -9 -8 -8 ------- Run | Yrd Mat Min Exi Min Mat Sto Active Infowar (turns) 269 | . . . . . 269 . Terrain 19 | . . . . . 19 . Machine Analysis 250 | . . . . . 250 . Robot Analysis Total 2 | . . 1 . . 1 . Derelict Logs Recovered 2 | . . 1 . 1 . . Drone Launches . | . . . . . . . Drone Recoveries . | . . . . . . . Exploration | -11 -10 -10 -10 -9 -8 -8 ------------- Run | Yrd Mat Min Exi Min Mat Sto Turns Passed 2068 | . 129 530 492 402 461 54 Spaces Moved 2486 | 1 142 605 527 505 609 97 Core 39 | . . . . . 39 . Treads . | . . . . . . . Legs 29 | 1 25 . . . . 3 Wheels . | . . . . . . . Hover 2152 | . 117 605 527 505 398 . Flight 266 | . . . . . 172 94 Fastest Speed 35 | 120 56 56 56 56 35 35 Average Speed 53 | 120 67 56 56 56 46 39 Slowest Speed 250 | 120 120 56 116 56 250 120 Overloaded Moves . | . . . . . . . Propulsion Burnouts . | . . . . . . . Robots Hopped 8 | . . . . . 8 . Potential Cave-ins . | . . . . . . . Cave-ins Triggered . | . . . . . . . Exploration Rate (%) 52 | 2 22 92 89 87 57 19 Regions Visited 6 Branch Regions 4 Pre-discovered Areas 2 | . . 1 1 . . . Known Exits Taken 1 | . . . . . 1 . Unknown Exits Taken 5 | 1 1 1 1 1 . . Scrap Searched 5 | . . 3 . 2 . . Spaces Dug . | . . . . . . . Terrain Destroyed 66 | . . 24 . 12 30 . Melee . | . . . . . . . Projectile . | . . . . . . . AOE 66 | . . 24 . 12 30 . Terrain Rammed . | . . . . . . . Walls Destroyed . | . . . . . . . Machines Disabled . | . . . . . . . Actions | -11 -10 -10 -10 -9 -8 -8 --------- Run | Yrd Mat Min Exi Min Mat Sto Total 3031 | . 164 753 695 589 722 108 Wait 289 | . 3 115 77 61 30 3 Move 2465 | . 141 604 526 504 593 97 Hop 7 | . . . . . 7 . Pick Up 25 | . 5 2 3 3 11 1 Fast Attach 19 | . 3 1 . . 11 4 Attach 13 | . . 2 1 . 9 1 Detach 6 | . . 2 . . 4 . Swap 28 | . 2 1 13 . 12 . Drop 30 | . 5 2 9 3 11 . Fire 91 | . 5 24 13 18 31 . Melee 2 | . . . . . . 2 Ram . | . . . . . . . Kick . | . . . . . . . Crush . | . . . . . . . Escape Stasis . | . . . . . . . Rewire 53 | . . . 53 . . . Trap 3 | . . . . . 3 . Miscellaneous . | . . . . . . . Route ------- -11/Scrapyard -10/Materials (discovered 2 exits: *Min x2) -10/Mines (discovered 3 exits: [*Mat x2] / *Exi) -10/Exiles -9/Mines -8/Materials (discovered 2 exits: [*Fac] / *Sto) -8/Storage History --------- Turn | Location | Event 1 | -11/Scrapyard | Discovered new exit (range 0) 1 | -11/Scrapyard | Entered Materials 84 | -10/Materials | Discovered new exit (range 5) 99 | -10/Materials | Discovered new exit (range 16) 130 | -10/Materials | Entered Mines 176 | -10/Mines | Received a Rocket Launcher from a helpful Derelict 252 | -10/Mines | Learned location of Storage (-8) 252 | -10/Mines | Discovered new exit (range 7) 288 | -10/Mines | Discovered new exit (range 7) 316 | -10/Mines | Build established: Mutant 316 | -10/Mines | Assisted by bots powering up and referring to "LRC-V3" 383 | -10/Mines | Learned Materials emergency access door positions 587 | -10/Mines | Deemed a non-threat by the Exiles lab entrance 587 | -10/Mines | Discovered new exit (range 5) 660 | -10/Mines | Entered Exiles 660 | -10/Exiles | Found Exiles lab destroyed 660 | -10/Exiles | Accompanied by 2 allies 981 | -10/Exiles | Learned location of Zion (-6) 1021 | -10/Exiles | Opened EX-Vault 1026 | -10/Exiles | Found Latent Energy Streamer 1086 | -10/Exiles | Discovered new exit (range 15) 1152 | -10/Exiles | Entered Mines 1152 | -9/Mines | Accompanied by 6 allies 1198 | -9/Mines | Learned location of 1 exit from Materials 1214 | -9/Mines | Met a Derelict bent on vengeance 1355 | -9/Mines | A weapon hastily lodged in a ceiling crevice suddenly fell to the ground 1403 | -9/Mines | Found a hidden stash of uninstalled traps 1487 | -9/Mines | Discovered new exit (range 14) 1554 | -9/Mines | Entered Materials 1554 | -8/Materials | Accompanied by 5 allies 1554 | -8/Materials | Evolved 4 slots: Propulsion x2, Utility x2 1555 | -8/Materials | Identified exit to Storage 1600 | -8/Materials | Build established: Scavenger-Mutant 1902 | -8/Materials | Core integrity fell below 50% 1922 | -8/Materials | Discovered new exit (range 12) 1949 | -8/Materials | Lost 5 parts (1p3n1w) 1959 | -8/Materials | Core integrity fell below 20% 1989 | -8/Materials | Build established: Mutant 2015 | -8/Materials | Entered Storage 2069 | -8/Storage | Destroyed by H-55 Commando with Gauss Rifle Last Messages --------------- 02042_ Imp. VTOL Module severed. 02042_ Acquired Imp. VTOL Module. 02044_ Triggered Blade Trap. 02044_ Massive razor-sharp blades shoot up from within the floor. 02044_ Imp. VTOL Module severed. 02044_ Melee Analysis Suite severed. 02044_ Acquired Imp. VTOL Module. 02047_ Connecting with Door Terminal... 02047_ ALERT: Suspicious activity at Terminal S008. Dispatching Investigation squad. 02055_ U-05 Engineer lays Concrete. 02056_ Sneak attack on H-55 Commando. 02056_ H-55 Commando destroyed. 02056_ U-05 Engineer lays Concrete. 02058_ Acquired 43 matter. 02059_ W-25 Informer sends out distress signal. 02061_ Acquired Carbon-fiber Leg. 02063_ Penetrated by Slug. 02063_ Acquired Lgt. Nuclear Core. 02069_ Penetrated by Slug. Map ----- +----------------------------------------------------+ | ??????????????????????????????????? | | ??????????????????????????????????? | | ??????????????????????????????????? | | ??????????????????????????????????? | | ??????????????????????????????????? | | ??????????????????????????????????? | | ??????????????????????????????????? | | ??????????????????????????????????? | | ??????????????????????????????????? | | ??????????????????????????????????? | | ???????? ???????????????????????? | | ??????? ???????????????????????? | | ??????? ???????????????????????? | | ???????# ???????????????????????? | | ???????# g ???????????????????????? | | ???????# ???????????????????????? | | ???????#k #??????????????????????? | | ???????# #??????????????????????? | | ???????# #??????????????????????? | | ???????# w #??????????????????????? | | ???????+ +??????????????????????? | | ???????# #??????????????????????? | | ???????# #??????????????????????? | | ???????# #??????????????????????? | | ???????# h #??????????????????????? | | ???????# a@#????????????##"""##???? | | ???????# #????????????# T#???? | | ???????# #????????????# #????? | | ???????# #################+###### | | ???????# [ # | | ???????# # | | ???????# ^ # | | ???????# ######################## | | ???????# ########???????????????? | | ???????# ##"""""#???????????????? | | ???????# ##""T""###?????????????? | | ???????# # #?????????????? | | ???????# # #?????????????? | | ???????# # !/! #?????????????? | | ???????# # !/! #?????????????? | | ???????# + !! #?????????????? | | ???????# # #?????????????? | | ???????# # #?????????????? | | ???????# # #?????????????? | | ???????# # #?????????????? | | ???????# ###########????????????? | | ???????# #????????????? | | ???????# +????????????? | | ???????# "" #????????????? | | ???????# "T !! [ #????????????? | +----------------------------------------------------+ Best States ------------- Heat Dissipation 31 Energy Generation 15 Energy Capacity 160 Matter Stores 300 Matter Capacity 300 Sight Range 16 Terrain Scan Range 16 Terrain Scan Density 110 Evasion (%) 63 Targeting Accuracy 6 Melee Accuracy 5 Defensive Hacking 11 Item Schematics ----------------- None Robot Schematics ------------------ None Fabricated ------------ Nothing Repaired ---------- Nothing Alien Tech Used ----------------- None Achievements -------------- None Challenges ------------ None Game ------ Seed StructuralFocalBeamcaster Manual? 0 Play Time 00:18:18 Cumulative 1121.5 hours Start 2025.06.22 @ 21:31:14 End 2025.06.23 @ 12:34:43 Sessions 3 Manual Loads 0 Difficulty Rogue Special Mode None Game No. 1380 Rogue 1096 Adventurer 124 Explorer 160 Win Type - Total 50 Types 36/0/8/4/1/0/0/1/0/0 Lore% 92 Gallery% 87 Achievement% 81 Wizard Run 0 Options --------- Layout 0 ASCII 0 Keyboard 1 Movement Numpad Keybinds 0 Fullscreen 2 Font 18/X11 Map View 76x50 Zoom Use 1% Tactical HUD 1 Map Filters NONE Filters NONE Steam 1 RUN: 80a784d7-08f7-4459-b698-1c11ecd4faa0